 Dungeon Crawl Stone Soup version 0.21.1-1-g345015f (webtiles) character file.

729 Kagorn the Ducker (level 7, -6/68 HPs)
             Began as a Troll Fighter on June 10, 2018.
             Was an Initiate of Makhleb.
             Mangled by an orc warrior
             ... wielding a +0 battleaxe
              (19 damage)
             ... on level 6 of the Dungeon.
             The game lasted 00:32:57 (3877 turns).

Kagorn the Ducker (Troll Fighter)                   Turns: 3877, Time: 00:33:26

Health: -6/68      AC:  6    Str: 25    XL:     7   Next: 44%
Magic:  6/6        EV:  9    Int:  4    God:    Makhleb [......]
Gold:   246        SH: 10    Dex: 11    Spells: 6/6 levels left

rFire    . . .     SeeInvis .   t - +0 short sword (drain)
rCold    . . .     Gourm    +   c - +1 shield
rNeg     . . .     Faith    .   b - +0 robe
rPois    .         Spirit   .   (helmet restricted)
rElec    .         Reflect  .   m - +0 cloak
rCorr    .         Harm     .   (gloves unavailable)
MR       .....                  (boots unavailable)
Stlth    ++........             j - amulet of regeneration
HPRegen  1.01/turn              (no ring)
MPRegen  0.10/turn              (no ring)

@: no status effects
A: large, unfitting armour, claws 3, fast metabolism 3, gourmand, regeneration
1, shaggy fur 1, tough skin 2
a: Renounce Religion


You were on level 6 of the Dungeon.
You worshipped Makhleb.
Makhleb was noncommittal.
You were very full.

You visited 1 branch of the dungeon, and saw 6 of its levels.

You collected 282 gold pieces.
You spent 36 gold pieces at shops.

Inventory:

Hand Weapons
 a - a +0 long sword
 t - a +0 short sword of draining (weapon)
Armour
 b - a +0 robe (worn)
 c - a +1 shield (worn)
 m - a +0 cloak (worn)
 n - a +0 cloak
Jewellery
 j - an amulet of regeneration (around neck)
Scrolls
 e - 6 scrolls of identify
 g - 2 scrolls of enchant armour
 i - a scroll of magic mapping
 k - a scroll of immolation {unknown}
 o - 2 scrolls of blinking
 q - 6 scrolls of remove curse
Potions
 d - 2 potions of might
Books
 p - a book of Minor Magic

   Spells                             Type                      Level
   a - Magic Dart                     Conjuration                  1
   b - Blink                          Translocation                2
   c - Call Imp                       Summoning                    2
   d - Slow                           Hexes                        2
   e - Conjure Flame                  Conjuration/Fire             3
   f - Mephitic Cloud                 Conjuration/Poison/Air       3
Comestibles
 f - 16 rations
 h - 3 chunks of flesh


   Skills:
 + Level 3.6 Fighting
 * Level 1.0(2.1) Short Blades
 - Level 3.0(3.1) Long Blades
 + Level 2.4 Armour
 + Level 3.7 Dodging
 + Level 1.7 Stealth
 + Level 3.6 Shields
 + Level 0.0 Spellcasting
 + Level 0.0 Invocations


You had 6 spell levels left.
You didn't know any spells.

Dungeon Overview and Level Annotations

Branches:
Dungeon (6/15)
 Temple: D:4-7

Altars:
Cheibriados
Dithmenos
Elyvilon
Makhleb
Ru
Sif Muna
Zin

Shops:
D:5 !


Innate Abilities, Weirdness & Mutations

You are too large for most types of armour.
You have claws for hands.
Your metabolism is lightning-fast.
You like to eat raw meat.
Your natural rate of healing is unusually fast.
You are covered in fur. (AC +1)
You have very tough skin. (AC +2)


Message History

You hit the orc priest but do no damage.
The orc priest is heavily wounded.
The orc priest barely misses you. You block the orc warrior's attack.
You hit the orc priest but do no damage.
You drain the orc priest!
The orc priest is severely wounded.
You block the orc priest's attack.
You barely miss the orc priest.
The orc priest is severely wounded.
You block the orc warrior's attack. The orc priest barely misses you.
You hit the orc priest but do no damage.
The orc priest is severely wounded.
The orc warrior hits you with a battleaxe!
You barely miss the orc priest.
The orc priest is severely wounded.
The orc priest mumbles some strange prayers to Beogh against you.
Pain shoots through your body!
* * * LOW HITPOINT WARNING * * *
The orc warrior hits you with a battleaxe!!
You die...

#...#.#.#.#
#.#
.._.......#
#.#
#...#.#.###
#.# ##.##.#.#
#.# ......#.#
#.# ##.####.#
#.# ... ..#
#.# #######
#.# ###
#.####.......
#.#
#.o@ooo....#
######.###.#
.# .# [# ..
.# .#


You could see an orc warrior, 2 orc priests and an orc.

Vanquished Creatures
  The ghost of NorthaanB the Magician, an amateur GnWz (D:4)
  A phantom (D:5)
  2 hounds (D:4)
  2 jellies (D:5)
  2 iguanas (D:5)
  2 worker ants (D:5)
  A hound zombie (D:5)
  11 gnolls
  5 adders
  A shadow imp (D:5)
  An adder skeleton (D:4)
  5 worms
  5 dart slugs
  6 leopard geckos
  5 orcs
  4 giant cockroaches
  4 goblins
  10 hobgoblins
  10 jackals
  5 kobolds
  5 quokkas
  A ball python (D:1)
  4 bats
  5 frilled lizards
  A quokka skeleton (D:3)
  9 rats
108 creatures vanquished.

Vanquished Creatures (others)
  An adder (D:4)
1 creature vanquished.

Grand Total: 109 creatures vanquished

Notes
Turn   | Place    | Note
-------+----------+-------------------------------------------
     0 | D:1      | Kagorn the Troll Fighter began the quest for the Orb.
     0 | D:1      | Reached XP level 1. HP: 22/22 MP: 0/0
   358 | D:1      | Reached XP level 2. HP: 29/29 MP: 1/1
   979 | D:2      | Reached XP level 3. HP: 14/36 MP: 2/2
  1106 | D:2      | Reached XP level 4. HP: 17/44 MP: 3/3
  1111 | D:2      | Reached skill level 1 in Armour
  1273 | D:2      | Found a white marble altar of Elyvilon.
  1539 | D:2      | Reached XP level 5. HP: 50/53 MP: 4/4
  1580 | D:2      | Found a deep blue altar of Sif Muna.
  1786 | D:3      | Found a shadowy altar of Dithmenos.
  1821 | D:3      | Reached skill level 1 in Stealth
  2625 | D:4      | Found a snail-covered altar of Cheibriados.
  2833 | D:4      | Reached XP level 6. HP: 53/61 MP: 5/5
  2978 | D:4      | Noticed NorthaanB's ghost (amateur GnWz)
  3022 | D:4      | HP: 4/91 [white imp[NorthaanB's ghost] (5)]
  3047 | D:4      | Killed NorthaanB's ghost
  3155 | D:5      | Entered Level 5 of the Dungeon
  3217 | D:5      | Found a glowing silver altar of Zin.
  3267 | D:5      | Reached XP level 7. HP: 44/67 MP: 6/6
  3592 | D:5      | Found Tywiv's Distillery.
  3600 | D:5      | Bought a potion of curing for 36 gold pieces
  3678 | D:5      | Found a burning altar of Makhleb.
  3681 | D:5      | Became a worshipper of Makhleb the Destroyer
  3734 | D:5      | Reached skill level 1 in Short Blades
  3807 | D:6      | Found a sacrificial altar of Ru.
  3877 | D:6      | Mangled by an orc warrior

Skill      XL: |  1  2  3  4  5  6  7 |
---------------+----------------------+-----
Long Blades    | 2 3 |  3.0
Armour         | 1 2 |  2.4
Fighting       | 3 |  3.6
Dodging        | 3 |  3.7
Stealth        | 1 |  1.7
Shields        | 3 |  3.6
Short Blades   | 1 |  1.0

Action                   |  1- 3 |  4- 6 |  7- 9 || total
-------------------------+-------+-------+-------++-------
Melee: Long sword        |   119 |   210 |       ||   329
       Short sword       |       |   121 |   100 ||   221
  Use: Potion            |     2 |     4 |     3 ||     9
       Scroll            |     1 |     7 |       ||     8
 Stab: Sleeping          |       |     3 |     1 ||     4
  Eat: Chunk             |    11 |    22 |     6 ||    39
       Ration            |       |     1 |       ||     1
Armor: Robe              |    80 |   100 |    20 ||   200
       Skin              |       |    28 |       ||    28
Dodge: Dodged            |    60 |   115 |    23 ||   198
Block: Shield            |    74 |   167 |    46 ||   287
       Rpst.: Long sword |    12 |    25 |       ||    37
